 Dungeon Crawl Stone Soup version 0.30-a0-779-g7971cf19c3 (webtiles) character file.

Game seed: 4742369771572807284

373 theswoord the Slasher (level 6, 0/49 HPs)
             Began as a Demonspawn Monk on Feb 17, 2023.
             Slain by an orc wizard
             ... wielding a +0 great mace
              (3 damage)
             ... on level 5 of the Dungeon.
             The game lasted 00:04:38 (3283 turns).

theswoord the Slasher (Demonspawn Monk)             Turns: 3283, Time: 00:04:39

Health: 0/49       AC: 13    Str: 14    XL:     6   Next: 43%
Magic:  6/6        EV:  4    Int: 11    God:
Gold:   382        SH:  0    Dex: 15    Spells: 5/5 levels left

rFire   . . .      SeeInvis .    q - +0 long sword
rCold   . . .      Faith    .    (no shield)
rNeg    . . .      Spirit   .    j - +1 plate armour
rPois   .          Reflect  .    (no helmet)
rElec   .          Harm     .    (no cloak)
rCorr   .          Rampage  .    (no gloves)
Will    .....                    (no boots) Stlth
                                 (no amulet)
HPRegen 0.28/turn                (no ring)
MPRegen 0.10/turn                (no ring)

@: no status effects
A: rugged brown scales 2, demonic magic 1, demonic touch 1
a: no special abilities


You were on level 5 of the Dungeon.
You visited 1 branch of the dungeon, and saw 5 of its levels.

You collected 382 gold pieces.

Inventory:

Hand Weapons
 a - a +0 falchion
 q - a +0 long sword (weapon)
Armour
 b - a +0 robe
 i - a +0 scale mail
 j - a +1 plate armour (worn)
Jewellery
 h - a ring of ice
Wands
 l - a wand of acid (7)
Scrolls
 f - a scroll of immolation
 n - 2 scrolls of silence {unknown}
 o - a scroll of summoning {unknown}
 p - a scroll of identify
Potions
 c - 3 potions of ambrosia
 d - 2 potions of berserk rage
 e - a potion of lignification {unknown}
 g - 3 potions of haste
 k - 2 potions of attraction
 m - 2 potions of might


   Skills:
 - Level 3.0 Fighting
 + Level 6.7 Long Blades
 - Level 2.6 Dodging
 - Level 1.7 Stealth


You had 5 spell levels left.
You didn't know any spells.
Your spell library contained the following spells:

 Spells                   Type           Power      Damage    Failure   Level
 Apportation              Tloc           0%         N/A       100%        1
 Necrotise                Necr           0%         1d4       100%        1
 Summon Small Mammal      Summ           0%         N/A       100%        1
 Ensorcelled Hibernation  Hex/Ice        0%         N/A       100%        2
 Passwall                 Tmut/Erth      0%         N/A       100%        2
 Swiftness                Air            0%         N/A       100%        3


Dungeon Overview and Level Annotations

Branches:
Dungeon (5/15)
 Temple: D:4-7

Altars:
Dithmenos

Shops:
D:4 (


Innate Abilities, Weirdness & Mutations

You are mostly covered in rugged brown scales. (AC +2, +5% HP)
Spells you cast may paralyse adjacent enemies.
Your touch may inflict minor irresistible damage on your foes.


Message History

The orc wizard mumbles some strange words.
The orc wizard flickers and vanishes!
Deactivating autopickup; reactivate with Ctrl-A.
You barely miss the hound. The hound bites you.
The hound bites you but does no damage. The orc hits you but does no damage.
You hit the hound.
You touch the hound.
The hound pauses to sniff the ground.
The hound bites you but does no damage. The hound bites you.
You hit the hound. The hound completely misses you.
You completely miss the hound.
You touch the hound.
You kill the hound!
The orc hits you but does no damage.
You have reached level 6!
Your demonic ancestry asserts itself...
Rugged brown scales spread over more of your body.
The orc attacks as you move away! The orc hits you but does no damage.
You completely miss the orc. The orc hits you but does no damage.
You closely miss the orc.
You touch the orc!
You kill the orc!
You hit the ice beast but do no damage.
The ice beast hits you but does no damage.
You hit the ice beast. Your touch misses the ice beast.
The ice beast hits you but does no damage. x2
You hit the ice beast. The ice beast hits you. The ice beast freezes you!
You closely miss the ice beast.
You touch the ice beast!
The ice beast barely misses you.
You closely miss the ice beast.
The ice beast hits you but does no damage.
You slash the ice beast!
You touch the ice beast.
The ice beast hits you but does no damage.
You completely miss the ice beast.
You touch the ice beast.
You kill the ice beast!
You miss something. Your touch misses something. Something hits you.
* * * LOW HITPOINT WARNING * * *
You barely miss something. Your punch misses something. Something hits you!
* * * LOW HITPOINT WARNING * * *
You slash something! Your touch misses something. Something hits you!
* * * LOW HITPOINT WARNING * * *
You closely miss something. Something hits you.
You die...

..........#
........
..... #..#
#..# ##.##
##...##
#...o)##
##+###@#
#.# #.# #<#
#.########
#.........
##########


You could see an orc.

Vanquished Creatures
  An ice beast (D:5)
  A necrophage (D:4)
  A hound (D:5)
  An orc priest (D:3)
  An iguana (D:4)
  A gnoll (D:1)
  3 adders
  2 worms
  3 dart slugs
  8 orcs
  8 bats
  2 endoplasms
  6 giant cockroaches
  10 goblins
  9 hobgoblins
  2 quokkas
  8 ball pythons
  3 frilled lizards
  3 kobolds
  11 rats
84 creatures vanquished.

Notes
Turn   | Place    | Note
-------+----------+-------------------------------------------
     0 | D:1      | theswoord the Demonspawn Monk began the quest for the Orb.
     0 | D:1      | Reached XP level 1. HP: 18/18 MP: 1/1
    31 | D:1      | Reached skill level 3 in Long Blades
    31 | D:1      | Gained mutation: You are partially covered in rugged brown
                  | scales. (AC +1, +3% HP) [demonic ancestry]
    31 | D:1      | Reached XP level 2. HP: 6/24 MP: 2/2
   468 | D:1      | Gained mutation: Your touch may inflict minor irresistible
                  | damage on your foes. [demonic ancestry]
   468 | D:1      | Reached XP level 3. HP: 29/29 MP: 3/3
   715 | D:1      | Reached skill level 4 in Long Blades
  1656 | D:3      | Gained mutation: Spells you cast may paralyse adjacent
                  | enemies. [demonic ancestry]
  1656 | D:3      | Reached XP level 4. HP: 36/36 MP: 4/4
  1941 | D:3      | Reached skill level 5 in Long Blades
  2134 | D:3      | Found a shadowy altar of Dithmenos.
  2190 | D:3      | Reached XP level 5. HP: 42/42 MP: 5/5
  2647 | D:4      | Identified the +2 dagger of Success {speed, rPois rN+
                  | Str-5}
  2777 | D:4      | Found Birchapsi's Weapon Emporium.
  2853 | D:4      | Reached skill level 6 in Long Blades
  3245 | D:5      | Entered Level 5 of the Dungeon
  3257 | D:5      | Noticed an ice beast
  3265 | D:5      | Gained mutation: You are mostly covered in rugged brown
                  | scales. (AC +2, +5% HP) [demonic ancestry]
  3265 | D:5      | Reached XP level 6. HP: 39/49 MP: 6/6
  3279 | D:5      | Killed an ice beast
  3283 | D:5      | Slain by an orc wizard

Skill      XL: |  1  2  3  4  5 |
---------------+----------------+-----
Long Blades    | 3 4 5 6 |  6.7
Fighting       | |  3.0
Dodging        | |  2.6
Stealth        | |  1.7

Action                     |  1- 3 |  4- 6 || total
---------------------------+-------+-------++-------
  Melee: Falchion          |    90 |    90 ||   180
         Touch             |     7 |    25 ||    32
         Long sword        |       |    19 ||    19
    Use: Scroll            |     6 |     5 ||    11
   Stab: Sleeping          |     1 |       ||     1
 Armour: Robe              |     8 |       ||     8
         Scale mail        |     4 |       ||     4
         Plate armour      |    39 |    66 ||   105
  Dodge: Dodged            |    29 |    14 ||    43

Levels and vault maps discovered:
D:1:      ebering_trefoil_3fold, layout_loops_cross
D:2:      layout_basic, amcnicky_mini_rare_corridor_liquid
D:3:      kb_forest_paths, layout_basic, grunt_dithmenos_smoke_and_mirrors
D:4:      nicolae_cairo_tiling_large, layout_rooms, serial_shops,
          nicolae_shop_crystal
D:5:      layout_loops_ring, nicolae_tso_besieged_by_evil,
          mainiacjoe_overflow_catch_the_wave, serial_rivers,
          chequers_serial_rivers_room_a, chequers_serial_rivers_room_b,
          chequers_serial_rivers_micro_e, chequers_serial_rivers_small_b,
          chequers_serial_rivers_small_3, chequers_serial_rivers_micro_c,
          serial_shops, nicolae_stop_n_shop_2, hangedman_decor_diamond_cutter,
          uniq_grinder
